 Dungeon Crawl Stone Soup version 0.17.1-3-g152610e (webtiles) character file.

112 Peloso the Shield-Bearer (level 4, -5/41 HPs)
             Began as a Minotaur Fighter on Mar 6, 2016.
             Killed from afar by Sigmund (8 damage)
             ... with a puff of flame
             ... on level 2 of the Dungeon.
             The game lasted 00:04:51 (1280 turns).

Peloso the Shield-Bearer (Minotaur Fighter)         Turns: 1280, Time: 00:04:51

Health: -5/41      AC: 13    Str: 30    XL:     4   Next: 64%
Magic:  3/3        EV:  5    Int:  5    God:
Gold:   87         SH: 10    Dex: 10    Spells: 0 memorised, 3 levels left

rFire  . . .     SeeInvis .     a - +0 long sword
rCold  . . .     Clarity  .     m - +0 plate armour
rNeg   . . .     SustAt   .     c - +0 shield
rPois  .         Gourm    .     (helmet restricted)
rElec  .         Spirit   .     (no cloak)
rCorr  .         Warding  .     k - +0 pair of gloves
rMut   .         Stasis   .     (no boots)
MR     .....                    x - amulet of inaccuracy (curse)
Stlth  ..........               (no ring)
                                q - +4 ring of strength

@: mighty, not resistant to hostile enchantments, extremely unstealthy
A: retaliatory headbutt, horns 2
a: no special abilities


You were on level 2 of the Dungeon.
You were hungry.

You visited 1 branch of the dungeon, and saw 2 of its levels.

You collected 87 gold pieces.

Inventory:

Hand Weapons
 a - a +0 long sword (weapon)
 i - a +2 hand axe of freezing
Armour
 b - a +0 scale mail
 c - a +0 shield (worn)
 k - a +0 pair of gloves (worn)
 m - a +0 plate armour (worn)
Jewellery
 q - a +4 ring of strength (left hand)
 x - a cursed amulet of inaccuracy (around neck)
Wands
 B - a wand of polymorph (11)
 C - a wand of digging (14)
Scrolls
 g - 2 scrolls of enchant weapon {unknown}
 j - 2 scrolls of amnesia {unknown}
 o - a scroll of teleportation {unknown}
 p - a scroll of identify {unknown}
 u - a scroll of fear {unknown}
 v - a scroll of recharging {unknown}
 y - a scroll of remove curse {unknown}
Potions
 f - 2 potions of curing {unknown}
 l - a potion of degeneration {unknown}
 s - a potion of ambrosia {unknown}
 w - a potion of brilliance {unknown}
 z - 2 potions of heal wounds {unknown}
Comestibles
 e - 2 bread rations
 h - a beef jerky
 n - 2 meat rations
 r - a chunk of flesh
 t - a royal jelly
 A - a slice of pizza


   Skills:
 + Level 4.6 Fighting
 + Level 3.2 Long Blades
 + Level 4.3 Armour
 + Level 0.7 Dodging
 + Level 4.7 Shields


You had 3 spell levels left.
You didn't know any spells.

Dungeon Overview and Level Annotations

Branches:
Dungeon (2/15)

Altars:

Annotations:
D:2 Sigmund


Innate Abilities, Weirdness & Mutations

You reflexively headbutt those who attack you in melee.
You have a pair of horns on your head.


Message History

The puff of flame hits you!
* * * LOW HITPOINT WARNING * * *
You are feeling hungry.
Something hits you.
* * * LOW HITPOINT WARNING * * *
You see here an adder corpse.
You miss something. Something hits you but does no damage.
You barely miss something. You headbutt something.
You completely miss something. Something hits you but does no damage.
You miss something. Something hits you.
* * * LOW HITPOINT WARNING * * *
You barely miss something. You headbutt something!
Sigmund appears from thin air!
Reactivating autopickup.
You block Sigmund's attack.
You miss Sigmund. Your headbutt misses Sigmund.
Sigmund is heavily wounded.
Sigmund points at you and mumbles some strange words.
The puff of flame hits you!
You die...

#........# ##........#
#.........# #######
#.........# ......
###.........# #....
............# #...
..........#
#...####........######
#...@@..............).
#...####..#####'######
#...#.....## #.)...# #
#...#......# #.....# #
#...#....#.# #.....# #
....#....#.###.....# #
.....#....#..##.....#
#
#.....#....##.###[####
# .............#.# #


You could see Sigmund.

Vanquished Creatures
  Jessica (D:2)
  3 adders
  An ooze (D:1)
  3 worms (D:2)
  2 giant geckos (D:1)
  2 giant cockroaches (D:2)
  9 hobgoblins
  4 kobolds
  A quokka (D:2)
  4 bats
  3 giant newts
  7 goblins
  5 jackals (D:2)
  4 rats
49 creatures vanquished.

Notes
Turn   | Place    | Note
--------------------------------------------------------------
     0 | D:1      | Peloso the Minotaur Fighter began the quest for the Orb.
     0 | D:1      | Reached XP level 1. HP: 19/19 MP: 0/0
   273 | D:1      | Reached skill level 4 in Shields
   273 | D:1      | Reached XP level 2. HP: 27/27 MP: 1/1
   710 | D:1      | Reached XP level 3. HP: 31/33 MP: 2/2
  1165 | D:2      | Reached XP level 4. HP: 33/41 MP: 3/3
  1188 | D:2      | Noticed Jessica
  1195 | D:2      | Killed Jessica
  1259 | D:2      | Noticed Sigmund
  1278 | D:2      | HP: 2/41 [something (1)]
  1280 | D:2      | Killed from afar by Sigmund

Action                   |  1- 3 |  4- 6 || total
-------------------------+-------+-------++-------
Melee: Long sword        |   107 |    34 ||   141
       Unarmed           |       |     7 ||     7
  Use: Potion            |       |     1 ||     1
  Eat: Chunk             |     1 |       ||     1
